 Dungeon Crawl Stone Soup version 0.29.1-1-gd02db6906a (webtiles) character file.

Game seed: 7515892111064403199

285880 Godmorgon the Stormcaller (level 20, -1/81 (84) HPs)
             Began as a Tengu Air Elementalist on Oct 19, 2022.
             Was the Champion of Vehumet.
             Killed from afar by a starcursed mass (12 damage)
             ... with an accursed screaming
             ... on level 3 of the Abyss on Oct 21, 2022.
             The game lasted 06:15:28 (58278 turns).

Godmorgon the Stormcaller (Tengu Air Elementalist) Turns: 58278, Time: 06:15:29

HP:   -1/81 (84)    AC: 15    Str:  9 (10) XL:     20   Next: 16%
MP:   14/28         EV: 19    Int: 15 (18) God:    Vehumet [******]
Gold: 318           SH: 20    Dex: 12      Spells: 5/50 levels left

rFire   + + .      SeeInvis +   b - +6 falchion (vorpal)
rCold   + + .      Faith    .   O - +4 tower shield {rC+ rF+}
rNeg    . . .      Spirit   .   Z - +3 leather armour {rC+}
rPois   +          Reflect  .   T - +2 hat {SInv}
rElec   .          Harm     .   E - +2 cloak {rF+}
rCorr   .          Rampage  .   d - +2 pair of gloves
Will    +....      Rage     3%  (boots unavailable)
Stlth   ++........              Y - amulet of the acrobat
HPRegen 0.23/turn               B - +4 ring of evasion
MPRegen 0.21/turn               Q - ring of poison resistance

@: about to teleport, flying quickly and evasively, studying 2 skills, lightly
drained, quick
A: beak, talons 3, nimble flight, [berserk 1], [clumsy 2], [deformed body],
[deterioration 2], [dopey 2], [frail 3], [low MP 3], ([teleportitis 2]),
[subdued magic 2]
}: 3/15 runes: decaying, serpentine, abyssal
a: Renounce Religion


You were on level 3 of the Abyss.
You worshipped Vehumet.
Vehumet was exalted by your worship.
You visited 7 branches of the dungeon, and saw 32 of its levels.
You visited the Abyss 1 time.
You also visited: Ice Cave and Volcano.

You collected 3658 gold pieces.
You spent 3340 gold pieces at shops.

Inventory:

Hand Weapons
 b - a +6 vorpal falchion (weapon)
Missiles
 w - 6 curare-tipped darts
 y - 48 poisoned darts
Armour
 d - a +2 pair of gloves (worn)
 E - a +2 cloak of fire resistance (worn)
 O - a +4 tower shield of resistance (worn)
 T - a +2 hat of see invisible (worn)
 Z - a +3 leather armour of cold resistance (worn)
Magical Staves
 a - a staff of air
Jewellery
 v - the ring of Qaala {Fire rCorr}
   (You found it on level 7 of the Dungeon)

   [ring of fire]

   It enhances your fire magic.
   rF:        It protects you from fire.
   rC:        It makes you vulnerable to cold.
   rCorr:     It protects you from acid and corrosion.
 B - a +4 ring of evasion (left hand)
 M - a ring of willpower
 Q - a ring of poison resistance (right hand)
 Y - an amulet of the acrobat (around neck)
Wands
 n - a wand of mindburst (16)
 o - a wand of acid (2) (quivered)
 x - a wand of paralysis (12)
 z - a wand of digging (6)
 J - a wand of roots (9)
Scrolls
 e - 4 scrolls of magic mapping
 f - 2 scrolls of torment
 q - 4 scrolls of vulnerability
 r - 2 scrolls of poison
 t - 9 scrolls of teleportation
 C - 6 scrolls of immolation
 F - 3 scrolls of fog
 G - 4 scrolls of fear
 N - 2 scrolls of silence
 P - a scroll of summoning
 V - a scroll of blinking
Potions
 c - 7 potions of brilliance
 g - 2 potions of resistance
 i - 4 potions of might
 j - 5 potions of lignification
 k - 4 potions of curing
 l - 3 potions of cancellation
 p - 2 potions of berserk rage
 u - 16 potions of attraction
 I - 6 potions of haste
 S - a potion of invisibility
 W - a potion of mutation
Miscellaneous
 m - a box of beasts
 X - a phantom mirror


   Skills:
 + Level 11.7 Fighting
 + Level 11.1 Armour
 - Level 10.0 Dodging
 - Level 2.0 Stealth
 * Level 10.4 Shields
 * Level 15.5 Spellcasting
 + Level 16.5 Conjurations
 + Level 11.6 Necromancy
 - Level 4.0 Transmutations
 + Level 11.8 Fire Magic
 * Level 20.9 Air Magic
 - Level 10.0 Poison Magic


You had 5 spell levels left.
You knew the following spells:

 Your Spells              Type           Power      Damage    Failure   Level
a - Airstrike             Air            23%        2d(4-20)  0%          4
c - Freezing Cloud        Conj/Ice/Air   15%        6-21      1%          5
d - Static Discharge      Conj/Air       42%        3-9/arc   0%          2
f - Fireball              Conj/Fire      16%        3d8       1%          5
i - Ignite Poison         Fire/Tmut/Pois 23%        N/A       1%          3
l - Lightning Bolt        Conj/Air       21%        1d36      1%          5
m - Mephitic Cloud        Conj/Pois/Air  36%        N/A       1%          3
p - Poisonous Vapours     Pois/Air       72%        N/A       0%          2
t - Olgreb's Toxic Radia  Pois           26%        N/A       1%          4
u - Dispel Undead         Necr           29%        3d13      1%          4
M - Maxwell's Capacitive  Air            23%        ∞         11%         8

Your spell library contained the following spells:

 Spells                   Type           Power      Damage    Failure   Level
 Polar Vortex             Ice            3%         N/A       100%        9
 Shatter                  Erth           3%         3d7*      100%        9
 Shock                    Conj/Air       100%       1d9       0%          1
 Swiftness                Air            46%        N/A       0%          3
 Foxfire                  Conj/Fire      100%       2x1d9     1%          1
 Scorch                   Fire           58%        2d8       1%          2
 Stone Arrow              Conj/Erth      44%        3d9       1%          3
 Corpse Rot               Necr/Pois/Air  33%        N/A       1%          4
 Flame Wave               Conj/Fire      33%        2d10      1%          4
 Sticky Flame             Conj/Fire      33%        2d5       1%          4
 Iskenderun's Battlesphe  Conj           38%        2d9       1%          5
 Spider Form              Tmut/Pois      20%        N/A       4%          3
 Sandblast                Erth           14%        2d6       9%          1
 Passwall                 Tmut/Erth      9%         N/A       21%         2
 Frozen Ramparts          Ice            14%        1d3       26%         3
 Anguish                  Hex/Necr       9%         N/A       28%         4
 Apportation              Tloc           14%        N/A       32%         1
 Summon Small Mammal      Summ           28%        N/A       32%         1
 Ensorcelled Hibernation  Hex/Ice        14%        N/A       45%         2
 Alistair's Intoxication  Tmut/Pois      13%        N/A       47%         5
 Call Canine Familiar     Summ           7%         N/A       71%         3
 Gell's Gravitas          Tloc           7%         N/A       71%         3
 Lesser Beckoning         Tloc           7%         N/A       71%         3
 Summon Guardian Golem    Hex/Summ       7%         N/A       71%         3
 Ice Form                 Ice/Tmut       11%        N/A       83%         4
 Animate Armour           Summ/Erth      14%        N/A       98%         4
 Summon Ice Beast         Ice/Summ       7%         N/A       98%         4
 Summon Mana Viper        Hex/Summ       7%         N/A       100%        5
 Starburst                Conj/Fire      16%        6d6       4%          6
 Death Channel            Necr           14%        N/A       41%         6
 Ignition                 Fire           14%        3d6       98%         8
 Chain Lightning          Conj/Air       21%        3d28      98%         9
 Summon Cactus Giant      Summ           3%         N/A       100%        6
 Enfeeble                 Hex            3%         N/A       100%        7
 Monstrous Menagerie      Summ           3%         N/A       100%        7
 Ozocubu's Refrigeration  Ice            3%         4d8       100%        7
 Lehudib's Crystal Spear  Conj/Erth      11%        10d4      100%        8
 Death's Door             Necr           14%        N/A       100%        9
 Fire Storm               Conj/Fire      16%        8d4       100%        9


Dungeon Overview and Level Annotations

Branches:
Dungeon (15/15)            Temple (1/1) D:4            Lair (5/5) D:9
  Swamp (4/4) Lair:2        Snake (4/4) Lair:3        Slime (0/5) Lair:5
    Orc (2/2) D:12            Elf (0/3) Orc:2        Vaults (1/5) D:13
 Depths (0/4) D:15          IceCv (visited)         Volcano (visited)

Altars:
Ashenzari
Cheibriados
Dithmenos
Elyvilon
Fedhas
Gozag
Hepliaklqana
Kikubaaqudgha
Makhleb
Nemelex Xobeh
Okawaru
Qazlal
Ru
Sif Muna
Trog
Uskayaw
Vehumet
Wu Jian
Xom
Yredelemnul
Zin
The Shining One
Jiyva

Shops:
Orc:2 :?[?   Snake:2 *((:*   Snake:3 :?   Snake:4 [[!*(=   Vaults:1 =*

Portals:
Abyss: Orc:2
Pandemonium: Orc:2

Annotations:
D:13 2 transporters, Buchaag's ghost, novice MiMo
Orc:2 2 transporters, lonewolfV2's ghost, journeyman MiFi


Innate Abilities, Weirdness & Mutations

You have a beak for a mouth.
You have claws for feet.
Your magical nature lets you fly swiftly and evasively.
[You sometimes lose your temper in combat.]
[You are very clumsy. (Dex -4)]
[Armour fits poorly on your strangely shaped body.]
[Your body often deteriorates upon taking damage.]
[You are very dopey. (Int -4)]
[You are extremely frail. (-30% HP)]
[Your magical capacity is extremely low. (-30% MP)]
[((You are often teleported next to monsters.))]
[Your spells are easier to cast, but less powerful.]


Message History

Your body deteriorates!
You feel weakened.
You feel drained.
* * * LOW HITPOINT WARNING * * *
The profane servitor freezes you.
* * * LOW HITPOINT WARNING * * *
Found an abyssal rune of Zot.
Blink to where?
Press: ? - help, Dir - move target A starcursed mass and a tentacled starspawn come into view.
As you read the scroll of blinking, it crumbles to dust.
A starcursed mass splits.
You pick up the abyssal rune and feel its power. 3 runes!
That's enough to enter the realm of Zot.
Press } to see all the runes you have collected.
You feel the abyssal rune guiding you out of this place.
The starcursed mass completely misses you.
A starcursed mass splits.
The thrashing horror completely misses you.
You block the thrashing horror's attack.
Blink to where?
Press: ? - help, Dir - move target A wretched star, a tentacled starspawn, a large abomination and a rakshasa come into view.
As you read the scroll of blinking, it crumbles to dust.
The wretched star pulses with an eldritch light!
You feel clumsy.
A tentacle flies out from the starspawn's body!
A starcursed mass splits. x3
A starspawn tentacle comes into view.
Press: ? - help, v - describe, . - travel An empty arch of ancient stone.
A green very ugly thing comes into view.
The rakshasa blinks!
A chorus of shrieks assaults your mind.
* * * LOW HITPOINT WARNING * * *
As you read the scroll of teleportation, it crumbles to dust.
You feel strangely unstable.
You feel the power of the Abyss delaying your translocation!
A starcursed mass splits.
A deafening chorus of shrieks assaults your mind!
You die...

# u#. ### ### #.∩'#..
..## ###...#...###
##....#@#.X..# ##
#.R.*..X...X.### #. ##
#...#.....#XX.#.##.##.
## #.....#..## .#.#.##
.......X..#....... ##
...#...#...##....... #
##..##.##..##.........
#...X...XX#⌠ ...... X.
#...... .Xx. ........#


You could see 5 starcursed masses, a green very ugly thing (wandering), 2
tentacled starspawn, a wretched star, a rakshasa and a thrashing horror.

Vanquished Creatures
  Vashnia (Snake:4)
  The ghost of Dadghomedgh the Thaumaturge, an adept GnHW of Sif Muna (Snake:3)
  Frances (D:14)
  3 thorn hunters
  Agnes (Snake:2)
  The ghost of Xuokk the Envoy of Void, an adept DsAK of Lugonu (Snake:2)
  11 nagarajas
  A fire giant (D:15)
  3 fenstrider witches
  2 deep elf sorcerers (D:14)
  A draconian shifter (Abyss:3)
  An ironbound preserver (Vaults:1)
  2 war gargoyles (Vaults:1)
  4 very ugly things
  2 ironbound thunderhulks (Vaults:1)
  4 dire elephants
  4 bunyips
  2 eleionomae
  An entropy weaver (Vaults:1)
  An ettin (Orc:1)
  A green death (Abyss:3)
  A shambling mangrove (Swamp:4)
  A fire dragon (Lair:5)
  A rakshasa (D:15)
  2 yaktaur captains (Vaults:1)
  7 anacondas
  A peacekeeper (Vaults:1)
  2 catoblepae
  18 hydras
  7 boulder beetles
  2 great orbs of eyes (Vaults:1)
  A salamander tyrant (Snake:4)
  2 demonspawn (Orc:2)
  4 ogre magi
  9 centaur warriors
  2 ghost crabs
  A death knight (Abyss:3)
  5 ironbound frosthearts (Vaults:1)
  A dancing weapon (Volcano)
  4 two-headed ogres
  9 alligators
  20 naga warriors
  10 death yaks (Lair:5)
  8 orc high priests (Orc:2)
  A sun demon (Orc:2)
  18 naga sharpshooters
  The ghost of lonewolfV2 the Protected, a novice HOFi (D:7)
  Lodul (D:14)
  2 shock serpents
  A sixfirhy (Orc:2)
  4 skeletal warriors (D:15)
  A salamander mystic (Snake:4)
  A sea snake (Snake:4)
  5 deep trolls (Vaults:1)
  6 goliath frogs
  5 bog bodies
  4 spriggan druids
  2 starcursed masses (Abyss:3)
  5 lindwurms
  5 wizards (Volcano)
  6 naga ritualists
  10 swamp dragons
  9 deep elf pyromancers
  Pikel (D:5)
  9 ironbound convokers (Vaults:1)
  A deep elf zephyrmancer (D:14)
  6 orc knights
  7 mana vipers
  25 ugly things
  7 orc sorcerers (Orc:2)
  A will-o-the-wisp (Swamp:1)
  7 manticores
  2 cyclopes
  16 elephants
  5 toenail golems (Volcano)
  A worldbinder (Abyss:3)
  13 salamanders
  3 guardian serpents
  40 black mambas
  2 vault sentinels (Vaults:1)
  17 naga magi
  A rust devil (Abyss:3)
  3 ice statues (IceCv)
  9 cane toads
  3 smoke demons
  2 unseen horrors
  Psyche (D:9)
  5 gargoyles
  5 rime drakes (Lair:5)
  9 kobold demonologists
  6 tengu conjurers
  An anaconda simulacrum (IceCv)
  A freezing wraith (IceCv)
  An efreet (Abyss:3)
  8 komodo dragons
  4 yaktaurs (Vaults:1)
  3 trolls
  An ancient zyme (Abyss:3)
  3 bloated husks
  3 meliai (D:12)
  7 polar bears
  A queen bee (D:12)
  12 hornets
  A meliai (shapeshifter) (D:8)
  2 large abominations (Abyss:3)
  2 tarantellas (Vaults:1)
  6 raiju (Abyss:3)
  19 blink frogs
  A blink frog (shapeshifter) (D:15)
  4 tyrant leeches
  25 slime creatures
  Prince Ribbit (D:7)
  18 dream sheep
  Sigmund (D:4)
  A culicivora (Vaults:1)
  14 spriggans
  A ynoxinul (Abyss:3)
  60 yaks
  10 basilisks
  3 fire bats (Lair:1)
  2 wraiths
  9 wyverns
  A chaos spawn (Orc:2)
  3 steam dragons
  A death yak simulacrum (IceCv)
  4 vampire mosquitoes
  A harpy simulacrum (IceCv)
  21 swamp worms
  4 acid dragons
  68 nagas
  12 water moccasins
  10 swamp drakes
  4 ice beasts
  A sky beast (D:8)
  6 black bears
  11 ogres
  30 orc warriors
  21 wolves
  14 centaurs
  A centaur (shapeshifter) (D:14)
  2 lemures (D:5)
  3 phantoms
  11 bullfrogs
  6 kobold brigands
  A necrophage (D:5)
  3 scorpions
  A small abomination (Abyss:3)
  2 gnoll sergeants
  8 wights
  2 elephant simulacra (IceCv)
  17 killer bees
  4 howler monkeys
  5 electric eels
  3 vampire bats (Orc:2)
  A lava snake (D:13)
  4 hounds
  A quasit (Abyss:3)
  3 jellies
  A gnoll bouda (D:8)
  24 orc priests
  A water moccasin simulacrum (D:7)
  9 iguanas
  14 orc wizards
  A wolf simulacrum (IceCv)
  A polar bear simulacrum (IceCv)
  16 gnolls
  11 adders
  2 shadow imps
  8 white imps
  An ufetubus (Abyss:3)
  3 worms
  2 dart slugs
  74 orcs
  9 bats
  9 endoplasms
  3 giant cockroaches
  7 goblins
  7 hobgoblins
  4 jackals (D:1)
  5 quokkas
  11 ball pythons
  3 frilled lizards
  34 kobolds
  9 rats
  A starspawn tentacle (Abyss:3)
1245 creatures vanquished.

Vanquished Creatures (others)
  A centaur (D:13)
  A small abomination (Abyss:3)
  22 fungi
  A lurking horror (Abyss:3)
  112 plants
  10 starspawn tentacles (Abyss:3)
147 creatures vanquished.

Grand Total: 1392 creatures vanquished

Notes
Turn   | Place    | Note
-------+----------+-------------------------------------------
     0 | D:1      | Godmorgon the Tengu Air Elementalist began the quest for
                  | the Orb.
     0 | D:1      | Reached XP level 1. HP: 10/10 MP: 4/4
   192 | D:1      | Reached XP level 2. HP: 15/15 MP: 4/6
   197 | D:1      | Learned a level 2 spell: Static Discharge
   640 | D:1      | Reached XP level 3. HP: 12/19 MP: 2/7
  1071 | D:1      | Found a faded altar of an unknown god.
  1120 | D:1      | Reached skill level 5 in Air Magic
  1701 | D:2      | Reached XP level 4. HP: 12/24 MP: 3/8
  2459 | D:2      | Gained mutation: Your magical nature lets you fly swiftly
                  | and evasively. [Tengu growth]
  2459 | D:2      | Reached XP level 5. HP: 28/28 MP: 4/10
  2668 | D:2      | Reached skill level 6 in Air Magic
  3363 | D:3      | Found an opulent altar of Gozag.
  3899 | D:3      | Noticed a water moccasin
  3908 | D:3      | Killed a water moccasin
  3909 | D:3      | Reached XP level 6. HP: 20/32 MP: 0/12
  4135 | D:3      | Learned a level 4 spell: Airstrike
  4370 | D:4      | Found a staircase to the Ecumenical Temple.
  4380 | Temple   | Entered the Ecumenical Temple
  4773 | Temple   | Reached skill level 7 in Air Magic
  5234 | D:4      | Got the Anthology of the Fifth Circle
  5397 | D:4      | Reached XP level 7. HP: 33/36 MP: 7/13
  5456 | D:4      | Noticed Sigmund
  5458 | D:4      | Killed Sigmund
  5459 | D:4      | Reached skill level 5 in Conjurations
  5459 | D:4      | Reached skill level 8 in Air Magic
  6037 | D:4      | Learned a level 3 spell: Mephitic Cloud
  6039 | D:5      | Entered Level 5 of the Dungeon
  6117 | D:5      | Found a radiant altar of Vehumet.
  6156 | D:5      | Became a worshipper of Vehumet
  6264 | D:5      | Reached skill level 9 in Air Magic
  6264 | D:5      | Reached skill level 1 in Poison Magic
  6264 | D:5      | Reached XP level 8. HP: 41/41 MP: 9/15
  6839 | D:5      | Noticed Pikel
  6858 | D:5      | Killed Pikel
  6859 | D:5      | Reached skill level 5 in Spellcasting
  6859 | D:5      | Reached skill level 10 in Air Magic
  7276 | D:5      | Reached XP level 9. HP: 45/45 MP: 3/17
  7951 | D:6      | Reached skill level 11 in Air Magic
  8464 | D:6      | Found a stormy altar of Qazlal.
  8556 | D:6      | Reached * piety under Vehumet
  8556 | D:6      | Offered knowledge of Sandblast by Vehumet.
  8754 | D:6      | Found a bloodstained altar of Trog.
  8941 | D:7      | Noticed lonewolfV2's ghost (novice HOFi)
  9291 | D:7      | Found a hazy altar of Hepliaklqana.
  9293 | D:7      | Noticed Prince Ribbit
  9299 | D:7      | Killed Prince Ribbit
  9300 | D:7      | Reached skill level 12 in Air Magic
  9573 | D:7      | Found a runed translucent gate.
  9574 | D:7      | Found a runed translucent gate.
  9575 | D:7      | Found a runed translucent gate.
  9667 | D:7      | Found an ornate altar of the Wu Jian Council.
 10052 | D:7      | Learned a level 4 spell: Dispel Undead
 10061 | D:8      | Reached XP level 10. HP: 50/50 MP: 20/20
 10200 | D:8      | Found an iron altar of Okawaru.
 10200 | D:8      | Found a glowing golden altar of the Shining One.
 10200 | D:8      | Found a shadowy altar of Dithmenos.
 10201 | D:8      | Noticed a manticore
 10201 | D:8      | Noticed a deep elf pyromancer
 10204 | D:8      | Found a transporter.
 10211 | D:8      | Noticed a manticore
 10220 | D:8      | Found a transporter.
 10384 | D:8      | Reached skill level 1 in Necromancy
 10436 | D:8      | Reached skill level 1 in Armour
 10500 | D:8      | Found a shimmering blue altar of Sif Muna.
 10593 | D:8      | Got Sif Muna's Compilation of Superposition
 10985 | D:8      | Found a glowing silver altar of Zin.
 11011 | D:8      | Reached ** piety under Vehumet
 11223 | D:8      | Reached skill level 5 in Poison Magic
 11351 | D:8      | Offered knowledge of Poisonous Vapours by Vehumet.
 11355 | D:8      | Learned a level 2 spell: Poisonous Vapours
 11528 | D:7      | Reached skill level 13 in Air Magic
 11851 | D:8      | Noticed a centaur warrior
 11853 | D:8      | Noticed a boulder beetle
 11856 | D:8      | Killed a centaur warrior
 12097 | D:8      | Killed a boulder beetle
 12098 | D:8      | Reached XP level 11. HP: 42/54 MP: 22/22
 12379 | D:9      | Noticed Psyche
 12420 | D:9      | Killed Psyche
 12421 | D:9      | Reached skill level 5 in Necromancy
 12435 | D:9      | Offered knowledge of Ignite Poison by Vehumet.
 12436 | D:9      | Reached skill level 5 in Armour
 12525 | D:9      | Learned a level 3 spell: Ignite Poison
 12557 | D:9      | Found a basalt altar of Yredelemnul.
 12827 | D:9      | Found a staircase to the Lair.
 12992 | D:9      | Reached *** piety under Vehumet
 12999 | D:9      | Reached skill level 1 in Fire Magic
 12999 | D:9      | Reached skill level 14 in Air Magic
 13134 | D:9      | Reached skill level 1 in Transmutations
 13568 | D:9      | Found a burning altar of Makhleb.
 13646 | D:10     | Entered Level 10 of the Dungeon
 13864 | D:9      | Offered knowledge of Iskenderun's Mystic Blast by Vehumet.
 13959 | D:10     | Found a hide-covered altar of Uskayaw.
 14148 | D:10     | Noticed a two-headed ogre
 14572 | D:10     | Noticed a catoblepas
 14572 | D:10     | Found the +10 dark maul {vorpal}
 14660 | D:10     | Noticed a two-headed ogre
 14665 | D:10     | Killed a two-headed ogre
 14666 | D:10     | Reached skill level 10 in Conjurations
 14715 | D:10     | Reached XP level 12. HP: 59/59 MP: 22/24
 14742 | D:10     | Killed a catoblepas
 15016 | D:10     | Killed a two-headed ogre
 15201 | Lair:1   | Entered Level 1 of the Lair of Beasts
 15378 | Lair:1   | Reached **** piety under Vehumet
 15435 | Lair:1   | Offered knowledge of Olgreb's Toxic Radiance by Vehumet.
 15646 | Lair:1   | Found a dark tunnel.
 15716 | Volcano  | Entered a volcano
 15744 | Volcano  | Reached skill level 15 in Air Magic
 16018 | Volcano  | Learned a level 4 spell: Olgreb's Toxic Radiance
 16025 | Volcano  | Reached skill level 5 in Fire Magic
 17190 | Lair:1   | Reached XP level 13. HP: 63/63 MP: 25/26
 17968 | Lair:2   | Reached skill level 16 in Air Magic
 18084 | Lair:2   | Reached ***** piety under Vehumet
 18100 | Lair:2   | Offered knowledge of Spellforged Servitor by Vehumet.
 18108 | Lair:2   | Found a staircase to the Swamp.
 19214 | Lair:3   | Found a staircase to the Snake Pit.
 20006 | Lair:4   | Reached skill level 17 in Air Magic
 20160 | Lair:4   | Reached XP level 14. HP: 68/68 MP: 22/28
 20920 | Lair:5   | Entered Level 5 of the Lair of Beasts
 20939 | Lair:5   | Reached skill level 1 in Fighting
 21304 | Lair:5   | Noticed a dire elephant
 21314 | Lair:5   | Offered knowledge of Conjure Ball Lightning by Vehumet.
 21319 | Lair:5   | Killed a dire elephant
 21393 | Lair:5   | Reached skill level 5 in Dodging
 21905 | Lair:5   | Reached skill level 10 in Spellcasting
 22579 | Lair:5   | Found a viscous altar of Jiyva.
 22579 | Lair:5   | Found a staircase to the Slime Pits.
 22589 | Lair:5   | Identified a scroll of acquirement
 22694 | Lair:5   | Reached XP level 15. HP: 81/81 MP: 30/30
 22752 | Lair:5   | Reached skill level 5 in Fighting
 23368 | Lair:5   | Identified the +1 scale mail of Fortification {rN+}
 23574 | D:10     | Acquired a staff of air
 23616 | D:11     | Reached skill level 18 in Air Magic
 23682 | D:11     | Offered knowledge of Fireball by Vehumet.
 23889 | D:11     | Identified the +8 arbalest of Law {elec, rElec Will+}
 23982 | D:11     | Found a shimmering altar of Xom.
 24302 | D:12     | Found a frozen archway.
 24348 | IceCv    | Entered an ice cave
 24355 | IceCv    | Learned a level 5 spell: Fireball
 24700 | D:12     | Found a staircase to the Orcish Mines.
 25640 | D:13     | Noticed Buchaag's ghost (novice MiMo)
 26091 | D:13     | Found a transporter.
 26098 | D:13     | Reached skill level 1 in Shields
 26109 | D:13     | Found a transporter.
 26304 | D:13     | Found a gate to the Vaults.
 26984 | D:14     | Found a hazy altar of Hepliaklqana.
 27499 | D:14     | Noticed Frances
 27513 | D:14     | Killed Frances
 28130 | D:14     | Noticed Lodul
 28137 | D:14     | Killed Lodul
 28285 | D:14     | Reached ****** piety under Vehumet
 28309 | D:14     | Offered knowledge of Lightning Bolt by Vehumet.
 28321 | D:14     | Learned a level 5 spell: Lightning Bolt
 28352 | D:14     | Found a shimmering blue altar of Sif Muna.
 28386 | D:14     | Reached skill level 10 in Poison Magic
 28389 | D:14     | Reached XP level 16. HP: 22/90 MP: 14/32
 29248 | D:14     | Got the Lessons on Dislocated Iniquitous Secrets
 29353 | D:14     | Got Simo's Compilation of Conflagration
 29361 | D:14     | Got Sif Muna's Incunable of Topological Leadership
 29687 | D:7      | Killed lonewolfV2's ghost
 29760 | D:7      | Got the ring of Qaala {Fire rCorr}
 30020 | D:15     | Entered Level 15 of the Dungeon
 30974 | D:15     | Found a staircase to the Depths.
 32135 | Orc:1    | Entered Level 1 of the Orcish Mines
 32533 | Orc:2    | Entered Level 2 of the Orcish Mines
 32533 | Orc:2    | Found a transporter.
 32600 | Orc:2    | Noticed lonewolfV2's ghost (journeyman MiFi)
 32761 | Orc:2    | Offered knowledge of Freezing Cloud by Vehumet.
 32768 | Orc:2    | Learned a level 5 spell: Freezing Cloud
 32881 | Orc:2    | Found a one-way gate to the infinite horrors of the Abyss.
 32902 | Orc:2    | Found a transporter.
 32937 | Orc:2    | Found a staircase to the Elven Halls.
 33951 | Orc:2    | Found Oddoacoa's Magic Scroll Emporium.
 33953 | Orc:2    | Found Vidiad's Magic Scroll Shoppe.
 34705 | Orc:2    | Offered knowledge of Eringya's Noxious Bog by Vehumet.
 34799 | Orc:2    | Found Fevol's Antique Armour Shop.
 34799 | Orc:2    | Found Wuoskiuz's Book Boutique.
 34800 | Orc:2    | Found a one-way gate leading to the halls of Pandemonium.
 34837 | Orc:2    | Bought a scroll of acquirement for 728 gold pieces
 34868 | Orc:2    | Bought a manual of Spellcasting for 1040 gold pieces
 34868 | Orc:2    | Bought a manual of Armour for 1040 gold pieces
 34868 | Orc:2    | Acquired a +0 hat of see invisible
 35339 | Swamp:1  | Entered Level 1 of the Swamp
 35374 | Swamp:1  | Reached XP level 17. HP: 99/99 MP: 24/33
 35546 | Swamp:1  | Reached skill level 5 in Shields
 37166 | Swamp:2  | Reached skill level 19 in Air Magic
 38070 | Swamp:3  | HP: 3/100 [bunyip[a spriggan druid] (13)]
 39682 | Swamp:4  | Entered Level 4 of the Swamp
 40544 | Swamp:4  | Reached skill level 10 in Dodging
 41031 | Swamp:4  | Reached skill level 15 in Conjurations
 41031 | Swamp:4  | Reached skill level 10 in Fire Magic
 41445 | Swamp:3  | Offered knowledge of Maxwell's Capacitive Coupling by
                  | Vehumet.
 41827 | Swamp:4  | Got a decaying rune of Zot
 42040 | Swamp:4  | Reached XP level 18. HP: 107/107 MP: 30/36
 42061 | Swamp:4  | Reached skill level 10 in Necromancy
 42380 | Snake:1  | Entered Level 1 of the Snake Pit
 43363 | Snake:1  | Reached skill level 10 in Fighting
 43820 | Snake:2  | Found a stormy altar of Qazlal.
 44086 | Snake:2  | Found a runed translucent gate.
 44087 | Snake:2  | Found a runed translucent gate.
 44087 | Snake:2  | Found a runed translucent gate.
 44088 | Snake:2  | Noticed Xuokk's ghost (adept DsAK)
 44160 | Snake:2  | Killed Xuokk's ghost
 44192 | Snake:2  | Identified the amulet "Wabrof" {Faith rN+}
 44979 | Snake:2  | Found Buozojan's Mass Market.
 45072 | Snake:2  | Found Aniucum's Vocational Training.
 45329 | Snake:2  | Noticed Agnes
 45337 | Snake:2  | Killed Agnes
 45964 | Snake:2  | Identified the +6 chain mail of the Lizard {-Tele rElec
                  | rN+}
 45967 | Snake:2  | Found Soont's Weapon Boutique.
 45969 | Snake:2  | Found Bumot's Weapon Shop.
 45971 | Snake:2  | Found Sieck's General Store.
 45979 | Snake:2  | Bought a potion of curing for 45 gold pieces
 46629 | Snake:3  | Found a runed translucent door.
 46630 | Snake:3  | Noticed Dadghomedgh's ghost (adept GnHW)
 46655 | Snake:3  | Killed Dadghomedgh's ghost
 47072 | Snake:3  | Found Foplu's Magic Scroll Shoppe.
 47079 | Snake:3  | Found Sotulimoeth's Book Emporium.
 47087 | Snake:3  | Bought a scroll of enchant armour for 105 gold pieces
 47087 | Snake:3  | Bought a scroll of blinking for 105 gold pieces
 47465 | D:10     | Learned a level 8 spell: Maxwell's Capacitive Coupling
 47544 | Orc:2    | Bought a scroll of blinking for 105 gold pieces
 47546 | Orc:2    | Bought a scroll of poison for 52 gold pieces
 48973 | Snake:4  | Entered Level 4 of the Snake Pit
 48978 | Snake:4  | Offered knowledge of Shatter by Vehumet.
 48978 | Snake:4  | Offered knowledge of Polar Vortex by Vehumet.
 49255 | Snake:4  | Found Kelar's Antique Weapon Boutique.
 49602 | Snake:4  | Reached XP level 19. HP: 78/113 MP: 27/38
 50009 | Snake:4  | Found Caorul's Distillery.
 50012 | Snake:4  | Found Xeweeth's Assorted Antiques.
 50013 | Snake:4  | Found Wufurchipp's Armour Shop.
 50300 | Snake:4  | Bought a potion of heal wounds for 60 gold pieces
 50300 | Snake:4  | Bought a potion of heal wounds for 60 gold pieces
 50379 | Snake:4  | Found Giorek's Antique Armour Shop.
 51007 | Snake:4  | Noticed Vashnia
 51044 | Snake:4  | Killed Vashnia
 51045 | Snake:4  | Reached skill level 20 in Air Magic
 51388 | Snake:4  | Found Kiag's Jewellery Boutique.
 51982 | Snake:4  | Reached skill level 10 in Armour
 53187 | Snake:4  | Got a serpentine rune of Zot
 53627 | Vaults:1 | Entered Level 1 of the Vaults
 53639 | Vaults:1 | Found Ydirrijo's Jewellery Shoppe.
 53664 | Vaults:1 | Reached skill level 15 in Spellcasting
 55512 | Vaults:1 | Reached skill level 10 in Shields
 56678 | Vaults:1 | Reached XP level 20. HP: 115/120 MP: 28/40
 56942 | Vaults:1 | Found Ybbesyin's General Store.
 57284 | Abyss:3  | Cast into level 3 of the Abyss (a deep elf demonologist)
 57690 | Abyss:3  | Noticed a hellephant
 57725 | Abyss:3  | Noticed a bone dragon
 57754 | Abyss:3  | Noticed a bone dragon
 58143 | Abyss:3  | Found a viscous altar of Jiyva.
 58223 | Abyss:3  | Found a corrupted altar of Lugonu.
 58259 | Abyss:3  | Noticed a profane servitor
 58275 | Abyss:3  | Got an abyssal rune of Zot
 58278 | Abyss:3  | Killed from afar by a starcursed mass

Illustrated notes

Levels and vault maps discovered:
D:1:      nzn_arrival_depleted_hourglass, layout_basic,
          dilly_ecumenical_altar_fadedgnrine, corexii_item_surrounded_by_moat,
          minmay_misc_feat_more_columns
D:2:      minmay_recursive_quarters, layout_basic
D:3:      layout_basic, lemuel_doored_altar, guppyfry_early_lair_pool
D:4:      layout_basic, minmay_temple_entry_sparse_star,
          sigmund_edmund_badplayer
D:5:      layout_loops_ring, mainiacjoe_overflow_surrounded_room,
          hangedman_abyss_or_decor_stabs, nrook_pool_corridor, uniq_pikel
D:6:      layout_cave_pools, trog_three_pillars_becter,
          nicolae_qazlal_style_of_elements, minmay_misc_feat_iff, uniq_sigmund
D:7:      layout_cave_pools, lemuel_crystal_altar, nzn_wu_jian_contemplation,
          gammafunk_ghost_icy, uniq_prince_ribbit1
D:8:      minmay_chambers_of_sevens, layout_basic,
          gammafunk_temple_overflow_arena, led_sif_book,
          mainiacjoe_overflow_alcove_4
D:9:      layout_loops_corners, lightli_temple_of_fire,
          mainiacjoe_overflow_24_doors, dpeg_oklobed_lair, uniq_psyche
D:10:     minmay_roctagon, layout_basic, kennysheep_mini_moat,
          minmay_misc_feat_roman
D:11:     layout_rooms, tgw_xom
D:12:     layout_basic, david_orc_2, portal_ice_cave_entry_pillars_2,
          minmay_misc_feat_rows, minmay_misc_feat_square, minivault_7
D:13:     layout_basic, david_vaults_2, gammafunk_ghost_arena,
          chequers_arboretum
D:14:     evilmike_library_of_no_secrets, layout_basic,
          nicolae_hepliaklqana_hazy_memory, uniq_lodul, uniq_frances
D:15:     grunt_enter_depths_giant_problem, layout_basic, minmay_misc_feat_room
Temple:   nicolae_temple_godpark
Lair:1:   layout_regular_city, nicolae_volcano_entry_batcave,
          beast_lair_carwin_3, lemuel_fruit_tree, infiniplex_staircase_pool,
          grunt_megastairs_5, lemuel_fruit_fields
Lair:2:   layout_misc_corridors, nicolae_swamp_entry_splash_gauntlet,
          forest_entry_grove
Lair:3:   layout_cellular_growth, guppyfry_snake_entry_island
Lair:4:   layout_regular_city, grunt_megastairs_3
Lair:5:   guppyfry_lair_end_dragon, layout_regular_city,
          hangedman_lair_in_review, slime_entry_1, gauntlet_entry_generic,
          serial_bayou, serial_bayou_crossing, serial_bayou_lagoon_a,
          serial_bayou_pond_c, serial_bayou_shore_a, serial_bayou_lake_a
Swamp:1:  layout_basic_swamp, evilmike_swamp_ruin_house_3, swamp_pool3
Swamp:2:  layout_falls_marsh, hangedman_swamp_ruin_hall, swamp_pool1,
          nicolae_swamp_stuck_in_the_mud, infiniplex_staircase_pool_2
Swamp:3:  layout_falls_marsh, hangedman_swamp_diagram
Swamp:4:  swamp_alternative, layout_basic_swamp
Snake:1:  layout_grid_shapes
Snake:2:  layout_gridlike, basic_altar, ebering_ghost_rock_garden,
          minmay_shop_mass, drop_trap, grunt_ministairs_15,
          nicolae_shop_vocational, minmay_shop_star, uniq_agnes
Snake:3:  layout_basic, gammafunk_ghost_grave, grunt_megastairs_2,
          minmay_shoptagon
Snake:4:  minmay_snake_end_coiled, layout_chambers, serial_shops,
          nicolae_square_shop, nicolae_shop_behind_doors, shop, st_stairs_14,
          grunt_ministairs_8, nicolae_wooded_promenade,
          nicolae_snake_guarding_the_ruins, uniq_vashnia
Orc:1:    layout_caves, lemuel_statue_altar
Orc:2:    pf_orc_diabolical, layout_caves, gammafunk_ghost_abyssal_escape,
          roderic_batcave, minmay_orc_keep
Vaults:1: nicolae_vaults_know_your_exits, ontoclasm_vaults_ligature,
          vaults_room_stairs_pillars, v_alt_pattern_4, nicolae_vaults_little_ls,
          nicolae_vaults_network_quinsquares
          [nicolae_vaults_network_quincunx_subvault,
          nicolae_vaults_network_quincunx_subvault,
          nicolae_vaults_network_quincunx_subvault,
          nicolae_vaults_network_quincunx_subvault], v_misc_4,
          ontoclasm_vaults_ring_square, v_pattern_5, nicolae_vaults_what_the_h,
          layout_vaults_omnigrid, serial_shops, shop, nicolae_shop_trees,
          nicolae_shop_competitors_out_of_business, nicolae_shop_window_shopping
Abyss:3:  base: Snake:4, hangedman_abyss_feature_spike, minivault_28,
          minivault_28, grunt_abyss_rune_forest_and_sorcery,
          doesnt_abyss_rune_brain_food, doesnt_abyss_rune_brain_food,
          evilmike_abyss_exit_13, minivault_20, nicolae_abyss_rune_star_stuff

Skill      XL: |  1  2  3  4  5  6  7  8  9 10 11 12 13 14 15 16 17 18 19 20 |
---------------+-------------------------------------------------------------+-----
Conjurations   | 2 3 4 5 6 8 9 10 12 13 14 15 16 | 16.5
Air Magic      | 5 6 7 9 10 12 13 14 15 17 18 19 20 | 20.9
Spellcasting   | 3 4 5 6 7 8 9 10 11 13 14 15 | 15.5
Poison Magic   | 1 3 4 5 6 7 8 9 10 | 10.0
Necromancy     | 4 6 8 9 10 11 | 11.6
Armour         | 4 5 7 9 10 11 | 11.1
Fire Magic     | 3 6 8 9 10 11 | 11.8
Transmutations | 2 4 |  4.0
Fighting       | 4 6 8 9 10 11 | 11.7
Dodging        | 5 8 9 10 | 10.0
Shields        | 2 4 6 8 10 | 10.4
Stealth        | |  2.0

Action                   |  1- 3 |  4- 6 |  7- 9 | 10-12 | 13-15 | 16-18 | 19-21 || total
-------------------------+-------+-------+-------+-------+-------+-------+-------++-------
Melee: Dagger            |     1 |     4 |       |    24 |     3 |       |       ||    32
       Kick              |       |     1 |     4 |    10 |     2 |     1 |     8 ||    26
       Peck              |       |     1 |     2 |    11 |       |     1 |     4 ||    19
       Whip              |       |       |     5 |       |       |       |       ||     5
       Punch             |       |       |     1 |     2 |       |     1 |       ||     4
       Staff             |       |       |       |       |     4 |     2 |     6 ||    12
       Falchion          |       |       |       |       |       |       |     5 ||     5
Throw: Dart              |       |     3 |     2 |       |       |       |       ||     5
 Cast: Shock             |    25 |    87 |    32 |    25 |     3 |       |       ||   172
       Static Discharge  |    23 |    26 |    31 |    41 |    19 |   253 |   200 ||   593
       Airstrike         |       |     8 |    75 |   123 |   173 |   313 |    71 ||   763
       Mephitic Cloud    |       |       |     3 |    10 |       |       |       ||    13
       Poisonous Vapours |       |       |       |   104 |    31 |     5 |    14 ||   154
       Ignite Poison     |       |       |       |    30 |   265 |   257 |    82 ||   634
       Olgreb's Toxic Ra |       |       |       |     1 |   141 |   163 |    46 ||   351
       Fireball          |       |       |       |       |    59 |    13 |     2 ||    74
       Lightning Bolt    |       |       |       |       |     4 |    17 |     2 ||    23
       Dispel Undead     |       |       |       |       |     3 |    25 |     2 ||    30
       Freezing Cloud    |       |       |       |       |       |     8 |     6 ||    14
Evoke: Wand              |       |       |       |    13 |     2 |       |     3 ||    18
  Use: Potion            |     1 |       |       |     1 |     9 |     7 |     7 ||    25
       Scroll            |       |       |     4 |    11 |    19 |    11 |     8 ||    53
 Stab: Confused          |       |       |     1 |       |       |       |       ||     1
       Sleeping          |       |       |       |       |       |     1 |       ||     1
Armor: Robe              |     7 |    10 |     8 |       |       |       |       ||    25
       Leather armour    |       |       |       |    11 |       |     9 |    27 ||    47
       Ring mail         |       |       |       |    20 |    40 |    99 |       ||   159
Dodge: Dodged            |     9 |    20 |    19 |    88 |   137 |   375 |   167 ||   815
Block: Buckler           |       |       |       |       |       |    86 |       ||    86
       Tower shield      |       |       |       |       |       |    64 |   256 ||   320
